 Dungeon Crawl Stone Soup version 0.27-a0-1308-gc08437e49b (webtiles) character file.

Game seed: 10279259789990370825

872 hatdisgam the Chiller (level 8, 0/37 (39) HPs)
             Began as a Vine Stalker Ice Elementalist on June 19, 2021.
             Slain by a wight (13 damage)
             ... on level 4 of the Dungeon.
             The game lasted 00:08:22 (4445 turns).

hatdisgam the Chiller (VSIE)                        Turns: 4445, Time: 00:08:23

HP:   0/37 (39)     AC:  6    Str: 10    XL:     8   Next: 4%
MP:   0/15          EV: 11    Int: 17    God:
Gold: 197           SH:  0    Dex: 16    Spells: 11/15 levels left

rFire    + . .     SeeInvis .   k - +0 long sword
rCold    + + .     Faith    .   (no shield)
rNeg     . . .     Spirit   +   p - +2 leather armour {rC+}
rPois    +         Reflect  .   n - +0 helmet
rElec    +         Harm     .   (no cloak)
rCorr    +         Rampage  .   (no gloves)
Will     +....                  (no boots)
Stlth    ++........             (no amulet)
HPRegen  1.12/turn              (no ring)
MPRegen  0.14/turn              (no ring)

@: resistant, drained
A: fangs 3, regeneration 1, magic shield, antimagic bite, no potion heal 2
a: no special abilities


You were on level 4 of the Dungeon.
You visited 1 branch of the dungeon, and saw 4 of its levels.

You collected 197 gold pieces.

Inventory:

Hand Weapons
 b - a +0 dagger
 j - a +0 dagger of freezing
 k - a +0 long sword (weapon)
Missiles
 l - 4 curare-tipped darts
Armour
 a - a +0 robe
 n - a +0 helmet (worn)
 p - a +2 leather armour of cold resistance (worn)
Jewellery
 o - a ring of wizardry
Wands
 r - a wand of flame (29)
 s - a wand of mindburst (16)
Scrolls
 d - a scroll of silence {unknown}
 f - 2 scrolls of identify
 h - 3 scrolls of enchant weapon {unknown}
 i - a scroll of teleportation {unknown}
 m - a scroll of vulnerability {unknown}
 t - a scroll of fear {unknown}
Potions
 c - a potion of haste {unknown}
 q - 2 potions of degeneration


   Skills:
 + Level 2.9 Fighting
 * Level 4.2 Long Blades
 - Level 1.5 Dodging
 - Level 2.4 Stealth
 - Level 4.1 Spellcasting
 - Level 6.6 Ice Magic


You had 11 spell levels left.
You knew the following spells:

 Your Spells              Type           Power      Damage    Failure   Level
a - Freeze                Ice            100%       1d11      1%          1
b - Frozen Ramparts       Ice            52%        1d7       4%          3

Your spell library contained the following spells:

 Spells                   Type           Power      Damage    Failure   Level
 Ozocubu's Armour         Ice            26%        N/A       4%          3
 Ensorcelled Hibernation  Hex/Ice        28%        N/A       9%          2
 Corona                   Hex            3%         N/A       22%         1
 Hailstorm                Conj/Ice       14%        3d5       47%         4
 Confusing Touch          Hex            3%         N/A       54%         3
 Dazzling Flash           Conj/Hex       6%         N/A       54%         3
 Tukima's Dance           Hex            3%         N/A       54%         3
 Metabolic Englaciation   Hex/Ice        7%         N/A       83%         5


Dungeon Overview and Level Annotations

Branches:
Dungeon (4/15)
 Temple: D:4-7

Altars:
Elyvilon


Innate Abilities, Weirdness & Mutations

You have razor-sharp teeth.
Your natural rate of healing is unusually fast.
When hurt, damage is shared between your health and your magic reserves.
Your bite disrupts and absorbs the magic of your enemies.
Potions cannot restore your health.


Message History

You completely miss the bullfrog zombie.
You bite the bullfrog zombie! You drain its power.
The bullfrog zombie is severely damaged.
You barely miss the bullfrog zombie.
The bullfrog zombie is severely damaged.
The bullfrog zombie hits you but does no damage.
The bullfrog zombie hits you.
You closely miss the bullfrog zombie. Your bite misses the bullfrog zombie.
The bullfrog zombie is severely damaged.
The bullfrog zombie hits you but does no damage.
You slash the bullfrog zombie!
The bullfrog zombie is almost destroyed.
The bullfrog zombie hits you. The bullfrog zombie barely misses you.
You slash the bullfrog zombie!
You destroy the bullfrog zombie!
No target in view!
You open the door.
A wight comes into view. It is wielding a +5 halberd.
A wight is nearby!
There is an open door here.
The helpless wight fails to defend itself.
You hit the wight but do no damage. Your bite misses the wight.
The wight closely misses you. The wight misses you.
You riposte.
You hit the wight but do no damage. You closely miss the wight.
You bite the wight, but do no damage. The wight barely misses you.
You barely miss the wight. The wight hits you with a +5 halberd!
You hit the wight but do no damage. You bite the wight, but do no damage.
The wight hits you with a +5 halberd!
You feel drained.
You hit the wight. Your bite misses the wight.
The wight is lightly damaged.
The wight hits you with a +5 halberd!
You feel drained.
* * * LOW HITPOINT WARNING * * *
Okay, then.
It was a potion of resistance.
You feel protected. The wight misses you.
It was a potion of heal wounds.
That seemed strangely inert.
The wight hits you with a +5 halberd!
You die...

#...#..####..#
#.......##...#
##......##....
##.....##...#
#######........#
#.#.##8.....#...
#+#+#+#+#'#'####.#..##.#
#............'..##.##...
+#+#+#@#'#'###....#...#
#z#.#.##8...##...#
#########.........
##....>### ##......###
......#..## .##..###[.#
.....#..## #.#......##


You could see a wight.

Vanquished Creatures
  An ice beast (D:4)
  An ogre (D:4)
  A necrophage (D:4)
  A centaur (D:2)
  A phantom (D:4)
  A scorpion (D:4)
  A howler monkey (D:4)
  A bullfrog zombie (D:4)
  A hound (D:4)
  A jelly (D:4)
  A bullfrog skeleton (D:4)
  An iguana (D:4)
  Ijyb (D:4)
  A hound zombie (D:4)
  Robin (D:3)
  4 adders
  An adder zombie (D:4)
  A worm (D:2)
  A dart slug (D:2)
  5 orcs
  10 bats
  15 endoplasms
  A giant cockroach (D:1)
  19 goblins
  8 hobgoblins
  7 jackals
  2 quokkas
  4 ball pythons
  3 frilled lizards
  7 kobolds
  5 rats
108 creatures vanquished.

Notes
Turn   | Place    | Note
-------+----------+-------------------------------------------
     0 | D:1      | hatdisgam the Vine Stalker Ice Elementalist began the quest
                  | for the Orb.
     0 | D:1      | Reached XP level 1. HP: 9/9 MP: 4/4
   264 | D:1      | Found a faded altar of an unknown god.
   355 | D:1      | Reached XP level 2. HP: 11/13 MP: 1/6
  1105 | D:1      | Reached XP level 3. HP: 14/16 MP: 1/7
  1563 | D:2      | Reached skill level 5 in Ice Magic
  1567 | D:2      | Learned a level 3 spell: Frozen Ramparts
  1708 | D:2      | Gained mutation: Your natural rate of healing is unusually
                  | fast. [Vine Stalker growth]
  1708 | D:2      | Reached XP level 4. HP: 18/21 MP: 7/9
  2501 | D:3      | Noticed a centaur
  2554 | D:2      | Killed a centaur
  2555 | D:2      | Reached XP level 5. HP: 8/24 MP: 1/11
  2781 | D:3      | Reached skill level 6 in Ice Magic
  3049 | D:4      | Noticed Robin
  3549 | D:3      | Killed Robin
  3602 | D:4      | Reached XP level 6. HP: 28/28 MP: 8/12
  3939 | D:4      | Reached skill level 1 in Fighting
  3939 | D:4      | Reached skill level 1 in Long Blades
  4051 | D:4      | Noticed Ijyb
  4056 | D:4      | Reached XP level 7. HP: 25/33 MP: 4/14
  4056 | D:4      | Killed Ijyb
  4264 | D:4      | Found a white marble altar of Elyvilon.
  4406 | D:4      | Gained mutation: You have razor-sharp teeth. [Vine Stalker
                  | growth]
  4406 | D:4      | Reached XP level 8. HP: 37/39 MP: 13/15
  4445 | D:4      | Slain by a wight

Illustrated notes

Levels and vault maps discovered:
D:1:      shiori_shiawase, layout_basic, shapermc_ecumenical_altar_gd,
          minmay_misc_feat_nine_boxes
D:2:      layout_loops_corners, minmay_misc_feat_rows
D:3:      layout_rooms
D:4:      layout_cave_pools, lemuel_mausoleum_altar_yredelemnul,
          overflow_temple_1_default, serial_shops, kennysheep_mini_moat,
          amcnicky_mini_corridor_feature, wad_floor_pattern_untrapped,
          minmay_crystal_room, minmay_diced_spiral, uniq_ijyb, uniq_robin

Skill      XL: |  1  2  3  4  5  6  7 |
---------------+----------------------+-----
Ice Magic      | 5 6 |  6.6
Spellcasting   | 3 4 |  4.1
Fighting       | 1 2 |  2.9
Long Blades    | 2 4 |  4.2
Dodging        | |  1.5
Stealth        | |  2.4

Action                   |  1- 3 |  4- 6 |  7- 9 || total
-------------------------+-------+-------+-------++-------
Melee: Dagger            |    56 |    78 |       ||   134
       Bite              |    11 |    20 |    16 ||    47
       Unarmed           |     1 |       |       ||     1
       Long sword        |       |       |    53 ||    53
 Cast: Freeze            |    30 |    63 |     5 ||    98
       Frozen Ramparts   |       |     5 |     2 ||     7
  Use: Scroll            |       |       |     1 ||     1
       Potion            |       |       |     2 ||     2
 Stab: Sleeping          |     1 |     5 |     1 ||     7
       Distracted        |       |     2 |       ||     2
Armor: Robe              |    23 |    30 |       ||    53
       Leather armour    |       |       |    18 ||    18
Dodge: Dodged            |    55 |   117 |    28 ||   200
       Rpst.: Long sword |       |       |     9 ||     9

Table legend: (Time is in decaauts)
 A = Elapsed time spent in this place.
 B = Non-inter-level travel time spent in this place.
 C = Inter-level travel time spent in this place.
 D = Time resting spent in this place.
 E = Time spent auto-exploring this place.
 F = Levels seen in this place.
 G = Mean time per level.
                   A        B        C        D        E       F      G
               +--------+--------+--------+--------+--------+-----+--------+
         Total |   4463 |   4401 |     62 |    753 |   2837 |   4 | 1115.8 |
       Dungeon |   4463 |   4401 |     62 |    753 |   2837 |   4 | 1115.8 |
               +--------+--------+--------+--------+--------+-----+--------+

Top non-repeatable levels by time:
     D:1: 1422 daAuts
     D:3: 1196 daAuts
     D:2: 1078 daAuts
     D:4: 766 daAuts
